 Dungeon Crawl Stone Soup version 0.24.0-10-g970556be89 (webtiles) character file.

Game seed: 6558291010363315414, levelgen mode: deterministic

147106 Thantalas the Blocker (level 17, -15/175 HPs)
             Began as a Gnoll Fighter on Nov 3, 2019.
             Was the Champion of Cheibriados.
             Blown up by an orb spider (45 damage)
             ... with an orb of destruction
             ... on level 1 of the Spider Nest.
             The game lasted 01:20:49 (28724 turns).

Thantalas the Blocker (Gnoll Fighter)              Turns: 28724, Time: 01:20:49

Health: -15/175    AC: 32    Str: 40    XL:     17   Next: 46%
Magic:  13/32      EV: 46    Int: 27    God:    Cheibriados [******]
Gold:   2332       SH: 17    Dex: 34    Spells: 17/38 levels left

rFire    + . .     SeeInvis .   a - +8 short sword of the Common Good {vamp, rF+ MR+}
rCold    + . .     Gourm    .   F - +0 shield
rNeg     + . .     Faith    .   (armour currently unavailable)
rPois    ∞         Spirit   .   y - +2 helmet
rElec    +         Reflect  .   L - +0 cloak {rPois}
rCorr    .         Harm     .   (gloves currently unavailable)
MR       ++...                  (boots currently unavailable)
Stlth    +++++++...             e - amulet of the acrobat
HPRegen  0.39/turn              o - ring of protection from cold
MPRegen  0.23/turn              i - ring of wizardry

@: agile, statue-form, acrobat, very slightly contaminated, very slow
A: distributed training, fangs 1, strong nose
a: End Transformation, Bend Time, Temporal Distortion, Slouch, Step From Time,
Renounce Religion


You were on level 1 of the Spider Nest.
You worshipped Cheibriados.
Cheibriados was exalted by your worship.
You were very hungry.
You were a stone statue.
You visited 6 branches of the dungeon, and saw 28 of its levels.
You also visited: Ossuary and Ice Cave.

You collected 3006 gold pieces.
You spent 674 gold pieces at shops.

Inventory:

Hand Weapons
 a - the +8 short sword of the Common Good (weapon) {vamp, rF+ MR+}
   (You found it on level 5 of the Dungeon)

   It inflicts no extra harm, but heals its wielder when it wounds a living foe.
   It protects you from fire.
   It affects your resistance to hostile enchantments.
 b - the +1 demon whip of Omerooj {venom, *Slow rElec rN+++ Dex-3}
   (You found it on level 11 of the Dungeon)

   It poisons the flesh of those it strikes.
   It affects your dexterity (-3).
   It insulates you from electricity.
   It renders you almost immune to negative energy.
   It may slow you when you take damage.
Missiles
 C - 3 throwing nets {!f}
 T - 6 silver javelins (quivered)
Armour
 g - the +1 scale mail of Sunlight (melded) {MR++ Str+4}
   (You found it on level 5 of the Dungeon)

   It affects your strength (+4).
   It affects your resistance to hostile enchantments.
 m - the +1 pair of boots of the Orcish Mines (melded) {rPois rF+ rC- Stlth+}
   (You bought it in a shop on level 2 of the Orcish Mines)

   It protects you from fire.
   It makes you vulnerable to cold.
   It protects you from poison.
   It makes you more stealthy.
 n - a +2 pair of gloves of dexterity (melded)
   (You bought it in a shop on level 2 of the Orcish Mines)
 y - a +2 helmet (worn)
   (You bought it in a shop on level 2 of the Orcish Mines)
 F - a +0 shield (worn)
 L - a +0 cloak of poison resistance (worn)
   (You took it off Crazy Yiuf on level 6 of the Dungeon)
Jewellery
 e - an amulet of the acrobat (around neck)
   (You took it off an orc on level 6 of the Dungeon)
 i - a ring of wizardry (right hand)
   (You found it on level 4 of the Dungeon)
 o - a ring of protection from cold (left hand)
   (You found it on level 6 of the Dungeon)
 Q - an uncursed ring of resist corrosion
   (You found it on level 3 of the Lair of Beasts)
Wands
 c - a wand of disintegration (6)
   (You found it on level 10 of the Dungeon)
 t - a wand of flame (47)
   (You found it on level 8 of the Dungeon)
 u - a wand of paralysis (14)
   (You found it on level 2 of the Lair of Beasts)
 v - a wand of digging (5)
   (You took it off Ijyb on level 5 of the Dungeon)
 x - a wand of acid (33)
   (You found it on level 9 of the Dungeon)
Scrolls
 j - 6 scrolls of amnesia
 k - a scroll of immolation {!r}
 p - 4 scrolls of fog
 q - 3 scrolls of enchant weapon
 r - a scroll of magic mapping
 s - 14 scrolls of remove curse {@r2}
 B - 20 scrolls of teleportation {@r4}
 D - 8 scrolls of identify {@r1}
 H - 2 scrolls of brand weapon
 I - 3 scrolls of enchant armour
 M - 2 scrolls of blinking
Potions
 d - a potion of cancellation
 h - 3 potions of flight
 w - 2 potions of brilliance
 z - 3 potions of agility
 A - 2 potions of might
 E - a potion of ambrosia
 R - 5 potions of mutation {!q}
 S - 4 potions of curing {@q1}
Miscellaneous
 J - a lamp of fire
   (You found it on level 2 of the Lair of Beasts)
Comestibles
 f - 58 rations {!d}


   Skills:
 + Level 12.8 Fighting
 + Level 11.3 Short Blades
 + Level 11.3 Long Blades
 + Level 11.3 Axes
 + Level 11.3 Maces & Flails
 + Level 12.1 Polearms
 + Level 11.3 Staves
 + Level 11.3 Slings
 + Level 11.3 Bows
 + Level 11.3 Crossbows
 + Level 11.3 Throwing
 + Level 12.8 Armour
 + Level 11.3 Dodging
 + Level 11.3 Stealth
 + Level 12.8 Shields
 + Level 11.3 Unarmed Combat
 + Level 11.3 Spellcasting
 + Level 9.7 Conjurations
 + Level 9.7 Hexes
 + Level 9.7 Charms
 + Level 9.7 Summonings
 + Level 9.7 Necromancy
 + Level 9.7 Translocations
 + Level 9.7 Transmutations
 + Level 9.7 Fire Magic
 + Level 9.7 Ice Magic
 + Level 9.7 Air Magic
 + Level 9.7 Earth Magic
 + Level 9.7 Poison Magic
 + Level 12.2 Invocations
 + Level 11.3 Evocations


You had 17 spell levels left.
You knew the following spells:

 Your Spells              Type           Power        Failure   Level  Hunger
b - Blink                 Tloc           N/A          1%          2    None
g - Apportation           Tloc           ######       1%          1    None
u - Statue Form           Tmut/Erth      ######...    6%          6    #####..
A - Mephitic Cloud        Conj/Pois/Air  ######..     1%          3    None
B - Summon Lightning Spi  Summ/Air       ######..     1%          4    None
C - Summon Forest         Summ/Tloc      ######....   1%          5    ###....

Your spell library contained the following spells:

 Spells                   Type           Power        Failure   Level  Hunger
 Animate Skeleton         Necr           N/A          1%          1    None
 Confusing Touch          Hex            ######       1%          1    None
 Corona                   Hex            ######.      1%          1    None
 Magic Dart               Conj           ####         1%          1    None
 Sting                    Conj/Pois      ####         1%          1    None
 Summon Small Mammal      Summ           ####         1%          1    None
 Call Imp                 Summ           ######..     1%          2    None
 Corpse Rot               Necr           N/A          1%          2    None
 Ensorcelled Hibernation  Hex/Ice        ######       1%          2    None
 Slow                     Hex            ######..     1%          2    None
 Confuse                  Hex            ######..     1%          3    None
 Conjure Flame            Conj/Fire      ######..     1%          3    None
 Dazzling Spray           Conj/Hex       ######       1%          3    None
 Stone Arrow              Conj/Erth      ######       1%          3    None
 Tukima's Dance           Hex            ######..     1%          3    None
 Ice Form                 Ice/Tmut       ######..     1%          4    None
 Leda's Liquefaction      Hex/Erth       ######....   1%          4    None
 Bolt of Magma            Conj/Fire/Erth ######....   1%          5    ###....
 Metabolic Englaciation   Hex/Ice        ######....   1%          5    ###....
 Bolt of Cold             Conj/Ice       ######....   6%          6    #####..
 Freezing Cloud           Conj/Ice/Air   ######....   6%          6    #####..
 Hydra Form               Tmut           ######....   6%          6    #####..
 Iron Shot                Conj/Erth      ######....   6%          6    #####..
 Ozocubu's Refrigeration  Ice            ######....   6%          6    #####..
 Simulacrum               Ice/Necr       ######....   6%          6    #####..
 Summon Hydra             Summ           ######....   30%         7    ######.
 Dragon's Call            Summ           ######....   100%        9    #######
 Shatter                  Erth           ######....   100%        9    #######


Dungeon Overview and Level Annotations

Branches:
Dungeon (15/15)            Temple (1/1) D:6            Lair (6/6) D:10
  Swamp (3/4) Lair:3       Spider (1/4) Lair:2        Slime (0/5) Lair:5
    Orc (2/2) D:12            Elf (0/3) Orc:2        Vaults (0/5) D:14
 Depths (0/5) D:15        Ossuary (visited)           IceCv (visited)

Altars:
Ashenzari
Cheibriados
Dithmenos
Elyvilon
Fedhas
Gozag
Hepliaklqana
Kikubaaqudgha
Makhleb
Nemelex Xobeh
Okawaru
Qazlal
Ru
Sif Muna
Trog
Uskayaw
Vehumet
Wu Jian
Xom
Yredelemnul
Zin
The Shining One
Beogh

Shops:
D:4 (   D:15 *   Orc:2 }[=?

Annotations:
D:9 2 transporters, Emblim88's ghost, novice SpHu


Innate Abilities, Weirdness & Mutations

Your experience applies equally to all skills.
You have very sharp teeth.
Your uncanny sense of smell can sniff out nearby items.


Message History

The demonic crawler completely misses you.
You block the demonic crawler's attack.
The demonic crawler hits you but does no damage.
You impale the demonic crawler!!
You kill the demonic crawler!
Cheibriados thoroughly appreciates the change of pace.
The orb spider pulsates with a strange energy.
The redback bites your lightning spire!
Your lightning spire shoots out a bolt of lightning at the redback!
The bolt of electricity hits the redback!
The redback dies!
Cheibriados thoroughly appreciates the change of pace.
Your lightning spire disappears in a puff of smoke!
The orb spider weaves a glowing orb of energy. x3
You hear an angry hiss. 2 orbs of destruction come into view.
You see here a redback corpse.
The orb of destruction hits you!!
* * * LOW HITPOINT WARNING * * *
You block the orb of destruction.
The orb of destruction dissipates.
The orb spider spins a strand of pure energy. x2
The orb spider spins a strand of pure energy.
The orb spider weaves a glowing orb of energy.
An orb of destruction comes into view.
A forested plane collides here with a resounding crunch!
Your dryad calls out to the forest.
The forest starts to sway and rumble!
The orb of destruction hits you!!
* * * LOW HITPOINT WARNING * * *
A tree reaches out and hits the orb spider! x3
A root smacks the orb spider from below!
A tree reaches out and hits the orb spider!
A root smacks the orb spider from below!
The orb spider dies!
Cheibriados thoroughly appreciates the change of pace.
The orb spider is hit by a branch!
A root smacks the orb spider from below!
The orb spider dies!
Cheibriados appreciates the change of pace.
You feel a little less mighty now. Tree limbs sway around you.
The orb spider weaves a glowing orb of energy.
An orb of destruction comes into view.
The orb spider is hit by a branch!
Cheibriados thoroughly appreciates the change of pace.
You feel a bit more experienced.
The orb spider is hit by a branch!
A root smacks the orb spider from below!
The orb spider dies!
Cheibriados thoroughly appreciates the change of pace.
The orb of destruction hits you!!!
You die...

## ###################
.###.#..........8○...##
.......(.[...#..♣○..♣.♣
.....(......#..≈≈♣☼○≈.##
.......#....#..≈≈≈≈R≈†.##
.....#....#.#.≈≈≈≈≈...#†## #####
.....#..........≈≈≈≈≈)...###^#.#
.#....#†..^.....≈#≈♣♣#.#..#....#
...#...†....^#♣♣.ss....^..†....#
.......†....#......#...#.††...##


You could see a friendly dryad.

Vanquished Creatures
  Nikola (Swamp:2)
  Roxanne (D:14)
  Donald (Swamp:3)
  A frost giant (IceCv)
  An orc warlord (Orc:2)
  A stone giant (Orc:2)
  A ghoul (Swamp:1)
  Snorg (D:12)
  2 fire dragons
  Harold (D:7)
  An ice dragon (D:15)
  5 vault guards (D:14)
  14 hydras
  Fannar (Lair:3)
  A ghost crab (Swamp:3)
  2 shambling mangroves (Swamp:2)
  2 centaur warriors (D:14)
  An ogre mage (D:14)
  2 death yaks (IceCv)
  7 two-headed ogres
  12 alligators
  5 orc high priests
  Urug (Lair:3)
  6 slime creatures
  Sonja (Lair:3)
  3 skeletal warriors (D:14)
  A spriggan druid (Swamp:2)
  4 unseen horrors
  2 swamp dragons
  3 orc knights (Orc:2)
  2 wizards
  Pikel (D:6)
  2 deep elf magi
  3 wolf spiders
  20 ugly things
  4 orc sorcerers (Orc:2)
  An oklob plant (D:5)
  3 manticores
  4 elephants (Lair:5)
  2 cyclopes
  2 molten gargoyles (Lair:3)
  A centaur zombie (D:11)
  3 black mambas
  A gargoyle (D:12)
  An ice statue (IceCv)
  2 kobold demonologists
  16 spiny frogs
  7 rime drakes
  3 torpor snails
  A demonic crawler (Spider:1)
  2 yaktaurs
  A tengu conjurer (D:15)
  2 freezing wraiths
  3 komodo dragons
  3 jumping spiders (Spider:1)
  20 polar bears
  3 raiju (Lair:6)
  A harpy skeleton (D:14)
  8 trolls
  7 tyrant leeches
  7 hornets
  12 bog bodies
  14 blink frogs
  7 dream sheep (Lair:6)
  9 hippogriffs
  A centaur simulacrum (D:14)
  2 shadows
  9 redbacks (Spider:1)
  2 spriggans
  2 vampires (D:15)
  3 wyverns
  A tarantella (Spider:1)
  2 wraiths
  Eustachio (D:6)
  4 basilisks
  80 yaks
  2 humans (D:14)
  11 vampire mosquitoes
  2 steam dragons (Lair:6)
  2 hungry ghosts
  11 swamp worms
  2 insubstantial wisps (Swamp:3)
  7 wargs
  2 acid dragons
  Duvessa (D:7)
  11 water moccasins
  14 hell hounds (Lair:6)
  5 porcupines
  2 soldier ants (D:11)
  An eye of draining (shapeshifter) (D:14)
  10 swamp drakes
  43 orc warriors
  7 sky beasts
  A slave (D:5)
  An ice beast (D:10)
  11 black bears (Lair:6)
  4 necrophages
  10 ogres
  34 wolves
  20 centaurs
  10 crocodiles
  A gnoll sergeant (D:5)
  10 bullfrogs
  Dowan (D:7)
  3 scorpions
  2 howler monkeys
  An electric eel (Lair:3)
  5 lava snakes (Lair:3)
  5 crimson imps
  A human zombie (Ossuary)
  A quasit (D:11)
  A bullfrog zombie (D:8)
  Crazy Yiuf (D:6)
  5 bullfrog skeletons
  A jelly (D:14)
  6 centaur skeletons
  8 hounds
  23 orc priests
  23 orc wizards
  10 iguanas
  14 worker ants
  5 hell rats (Lair:3)
  Ijyb (D:5)
  A hound skeleton (D:9)
  3 mummies
  A worker ant zombie (D:8)
  7 gnolls
  12 adders
  An ooze (D:3)
  An adder skeleton (D:6)
  2 adder zombies
  4 worms
  3 dart slugs
  4 leopard geckos
  73 orcs
  2 ball pythons
  3 giant cockroaches
  4 gnoll zombies (Ossuary)
  8 goblins
  7 hobgoblins
  13 jackals
  7 kobolds
  12 quokkas
  13 bats
  3 frilled lizards
  6 goblin zombies
  2 hobgoblin zombies (Ossuary)
  A jackal skeleton (D:4)
  A kobold zombie (D:5)
  2 orc zombies (Ossuary)
  A quokka skeleton (D:4)
  6 rats
  2 plants (D:5)
927 creatures vanquished.

Vanquished Creatures (collateral kills)
  An entropy weaver (Spider:1)
  2 alligators (Swamp:3)
  2 two-headed ogres (Orc:2)
  An orc high priest (Orc:2)
  A skeletal warrior (D:14)
  4 orb spiders (Spider:1)
  An orc sorcerer (Orc:2)
  A spiny frog (Swamp:3)
  A troll (Orc:1)
  3 hornets (Swamp:2)
  2 slime creatures (D:15)
  3 bog bodies
  4 redbacks (Spider:1)
  A spriggan (Swamp:2)
  2 tarantellas (Spider:1)
  3 yaks (D:12)
  5 vampire mosquitoes
  3 insubstantial wisps (Swamp:3)
  3 wargs
  A swamp worm (Swamp:3)
  6 orc warriors
  A necrophage (Swamp:1)
  2 ogres
  12 orc priests
  3 orc wizards
  31 orcs
  2 plants (Orc:2)
101 creatures vanquished.

Vanquished Creatures (others)
  3 polar bears
  A yak (IceCv)
  A slave (D:6)
  An orc priest (D:6)
  An iguana (Lair:6)
  An orc wizard (D:4)
  An orc (D:6)
  16 fungi
  25 plants
  12 snaplasher vines
62 creatures vanquished.

Grand Total: 1090 creatures vanquished

Notes
Turn   | Place    | Note
-------+----------+-------------------------------------------
     0 | D:1      | Thantalas the Gnoll Fighter began the quest for the Orb.
     0 | D:1      | Reached XP level 1. HP: 23/23 MP: 1/1
   109 | D:1      | Reached XP level 2. HP: 29/29 MP: 2/2
   412 | D:2      | Found an ornate altar of the Wu Jian Council.
   413 | D:2      | Found an ancient bone altar of Kikubaaqudgha.
   443 | D:2      | Reached XP level 3. HP: 35/35 MP: 3/3
   708 | D:2      | Reached skill level 1 in Invocations
   947 | D:2      | Reached skill level 1 in Short Blades
   947 | D:2      | Reached skill level 1 in Long Blades
   947 | D:2      | Reached skill level 1 in Axes
   947 | D:2      | Reached skill level 1 in Maces & Flails
   947 | D:2      | Reached skill level 1 in Staves
   947 | D:2      | Reached skill level 1 in Slings
   947 | D:2      | Reached skill level 1 in Bows
   947 | D:2      | Reached skill level 1 in Crossbows
   947 | D:2      | Reached skill level 1 in Throwing
   947 | D:2      | Reached skill level 1 in Dodging
   947 | D:2      | Reached skill level 1 in Stealth
   947 | D:2      | Reached skill level 1 in Unarmed Combat
   947 | D:2      | Reached skill level 1 in Spellcasting
   947 | D:2      | Reached skill level 1 in Evocations
   947 | D:2      | Reached XP level 4. HP: 39/41 MP: 5/5
  1200 | D:2      | Reached skill level 1 in Conjurations
  1200 | D:2      | Reached skill level 1 in Hexes
  1200 | D:2      | Reached skill level 1 in Charms
  1200 | D:2      | Reached skill level 1 in Summonings
  1200 | D:2      | Reached skill level 1 in Necromancy
  1200 | D:2      | Reached skill level 1 in Translocations
  1200 | D:2      | Reached skill level 1 in Transmutations
  1200 | D:2      | Reached skill level 1 in Fire Magic
  1200 | D:2      | Reached skill level 1 in Ice Magic
  1200 | D:2      | Reached skill level 1 in Air Magic
  1200 | D:2      | Reached skill level 1 in Earth Magic
  1200 | D:2      | Reached skill level 1 in Poison Magic
  1213 | D:2      | Reached XP level 5. HP: 8/47 MP: 6/6
  2191 | D:3      | Found a glowing golden altar of the Shining One.
  2191 | D:3      | Found an iron altar of Okawaru.
  2191 | D:3      | Found a white marble altar of Elyvilon.
  2191 | D:3      | Found a hide-covered altar of Uskayaw.
  2219 | D:3      | Found an opulent altar of Gozag.
  2223 | D:3      | Found a radiant altar of Vehumet.
  2418 | D:3      | Found a faded altar of an unknown god.
  2735 | D:4      | Reached XP level 6. HP: 43/53 MP: 8/8
  2804 | D:4      | Reached skill level 5 in Polearms
  2824 | D:4      | HP: 1/53 [orc priest/divine providence (13)]
  2831 | D:4      | HP: 1/53 [poisoned by an orc]
  3127 | D:4      | Reached XP level 7. HP: 57/59 MP: 10/10
  3198 | D:4      | Found Emuyvay's Antique Weapon Emporium.
  3487 | D:5      | Entered Level 5 of the Dungeon
  3502 | D:5      | Found a blossoming altar of Fedhas.
  3574 | D:5      | Got a warped scale mail
  3585 | D:5      | Identified the +1 scale mail of Sunlight {MR++ Str+4} (You
                  | found it on level 5 of the Dungeon)
  3638 | D:5      | Found a sand-covered staircase.
  3643 | Ossuary  | Entered an ossuary
  4063 | D:5      | Noticed Ijyb
  4071 | D:5      | Killed Ijyb
  4137 | D:5      | Got a slimy short sword
  4143 | D:5      | Identified the +8 short sword of the Common Good {vamp, rF+
                  | MR+} (You found it on level 5 of the Dungeon)
  4249 | D:5      | Found a shimmering altar of Xom.
  4250 | D:5      | Found a hazy altar of Hepliaklqana.
  4251 | D:5      | Noticed a spectral ugly thing
  4547 | D:5      | Noticed an oklob plant
  4606 | D:5      | Killed an oklob plant
  4606 | D:5      | Reached XP level 8. HP: 40/67 MP: 1/12
  4812 | D:6      | Noticed Eustachio
  4860 | D:6      | Killed Eustachio
  4860 | D:6      | Reached XP level 9. HP: 72/72 MP: 11/14
  4925 | D:6      | Noticed Pikel
  4941 | D:6      | Killed Pikel
  4968 | D:6      | Got a jewelled ring mail
  4980 | D:6      | Identified the +1 ring mail "Lousch" {Str+3} (You found it
                  | on level 6 of the Dungeon)
  4983 | D:6      | Noticed a troll
  4996 | D:6      | Killed a troll
  5220 | D:6      | Found a staircase to the Ecumenical Temple.
  5237 | Temple   | Entered the Ecumenical Temple
  5332 | Temple   | Became a worshipper of Cheibriados the Contemplative
  5525 | D:6      | Found a runed translucent door.
  5526 | D:6      | Noticed Crazy Yiuf
  5652 | D:6      | Killed Crazy Yiuf
  5753 | D:7      | Noticed Dowan
  5755 | D:7      | Noticed Duvessa
  5767 | D:7      | Killed Duvessa
  5771 | D:7      | Killed Dowan
  5771 | D:7      | Reached skill level 5 in Invocations
  5868 | D:7      | Reached XP level 10. HP: 80/80 MP: 17/17
  5949 | D:7      | Reached * piety under Cheibriados
  6258 | D:7      | Noticed Harold
  6271 | D:7      | Killed Harold
  6271 | D:7      | Reached skill level 5 in Short Blades
  6271 | D:7      | Reached skill level 5 in Long Blades
  6271 | D:7      | Reached skill level 5 in Axes
  6271 | D:7      | Reached skill level 5 in Maces & Flails
  6271 | D:7      | Reached skill level 5 in Staves
  6271 | D:7      | Reached skill level 5 in Slings
  6271 | D:7      | Reached skill level 5 in Bows
  6271 | D:7      | Reached skill level 5 in Crossbows
  6271 | D:7      | Reached skill level 5 in Throwing
  6271 | D:7      | Reached skill level 5 in Dodging
  6271 | D:7      | Reached skill level 5 in Stealth
  6271 | D:7      | Reached skill level 5 in Unarmed Combat
  6271 | D:7      | Reached skill level 5 in Spellcasting
  6271 | D:7      | Reached skill level 5 in Evocations
  6390 | D:8      | Noticed a two-headed ogre
  6409 | D:8      | Killed a two-headed ogre
  7453 | D:9      | Found a sacrificial altar of Ru.
  7479 | D:9      | Found a transporter.
  7480 | D:9      | Noticed Emblim88's ghost (novice SpHu)
  7502 | D:9      | Reached XP level 11. HP: 87/87 MP: 19/19
  7518 | D:9      | Reached ** piety under Cheibriados
  7588 | D:9      | Found a transporter.
  7638 | D:9      | Found a stormy altar of Qazlal.
  7742 | D:10     | Entered Level 10 of the Dungeon
  7986 | D:10     | Noticed a two-headed ogre
  8000 | D:10     | Killed a two-headed ogre
  8000 | D:10     | Reached skill level 5 in Conjurations
  8000 | D:10     | Reached skill level 5 in Hexes
  8000 | D:10     | Reached skill level 5 in Charms
  8000 | D:10     | Reached skill level 5 in Summonings
  8000 | D:10     | Reached skill level 5 in Necromancy
  8000 | D:10     | Reached skill level 5 in Translocations
  8000 | D:10     | Reached skill level 5 in Transmutations
  8000 | D:10     | Reached skill level 5 in Fire Magic
  8000 | D:10     | Reached skill level 5 in Ice Magic
  8000 | D:10     | Reached skill level 5 in Air Magic
  8000 | D:10     | Reached skill level 5 in Earth Magic
  8000 | D:10     | Reached skill level 5 in Poison Magic
  8244 | D:10     | Found a staircase to the Lair.
  8687 | D:11     | Reached *** piety under Cheibriados
  8836 | D:11     | Learned a level 1 spell: Apportation
  8949 | D:11     | Killed an unseen horror
  9364 | D:11     | Found a shattered altar of Ashenzari.
  9425 | D:11     | Got a scorched demon whip
  9471 | D:11     | Noticed a manticore
  9481 | D:11     | Killed a manticore
  9547 | D:11     | Identified the +1 demon whip of Omerooj {venom, *Slow rElec
                  | rN+++ Dex-3} (You found it on level 11 of the Dungeon)
  9624 | Lair:1   | Entered Level 1 of the Lair of Beasts
  9895 | Lair:1   | Reached XP level 12. HP: 89/96 MP: 22/22
  9950 | Lair:1   | Reached **** piety under Cheibriados
 10307 | Lair:1   | Found a shimmering blue altar of Sif Muna.
 10712 | Lair:2   | Found a frozen archway.
 10743 | IceCv    | Entered an ice cave
 11109 | IceCv    | Reached ***** piety under Cheibriados
 11214 | IceCv    | Reached skill level 10 in Fighting
 11214 | IceCv    | Reached skill level 10 in Armour
 11214 | IceCv    | Reached skill level 10 in Shields
 11405 | IceCv    | Reached XP level 13. HP: 68/103 MP: 24/24
 11560 | IceCv    | Noticed a frost giant
 11577 | IceCv    | Killed a frost giant
 12281 | Lair:2   | Found a hole to the Spider Nest.
 13056 | Lair:3   | Got a translucent quarterstaff
 13068 | Lair:3   | Identified the cursed +3 quarterstaff "Leheedd" {distort,
                  | rC+ Int+2} (You found it on level 3 of the Lair of Beasts)
 13412 | Lair:3   | Reached ****** piety under Cheibriados
 13569 | Lair:3   | Noticed Fannar
 13669 | Lair:3   | Killed Fannar
 13732 | Lair:3   | Noticed Sonja
 13733 | Lair:3   | Killed Sonja
 13925 | Lair:3   | Found a staircase to the Swamp.
 14147 | Lair:3   | Noticed Urug
 14154 | Lair:3   | Killed Urug
 15053 | Lair:5   | Reached XP level 14. HP: 93/111 MP: 26/26
 15269 | Lair:5   | Reached skill level 10 in Polearms
 15364 | Lair:5   | Found a snail-covered altar of Cheibriados.
 15895 | Lair:5   | Found a staircase to the Slime Pits.
 16045 | Lair:6   | Entered Level 6 of the Lair of Beasts
 16408 | Lair:6   | Reached skill level 10 in Invocations
 17490 | Lair:6   | Reached XP level 15. HP: 24/119 MP: 28/28
 18042 | Lair:6   | Learned a level 5 spell: Summon Forest
 18260 | D:12     | Found a staircase to the Orcish Mines.
 18568 | D:12     | Got a warped shortbow
 18569 | D:12     | Identified the +4 shortbow "Zaimopur" {velocity, rN+ MR++
                  | Str+4 Int-4} (You found it on level 12 of the Dungeon)
 18619 | D:12     | Noticed Snorg
 18658 | D:12     | Killed Snorg
 19080 | Orc:1    | Entered Level 1 of the Orcish Mines
 19548 | Orc:2    | Entered Level 2 of the Orcish Mines
 19794 | Orc:2    | Found a roughly hewn altar of Beogh.
 19904 | Orc:2    | Found Hiomiv's Gadget Boutique.
 19927 | Orc:2    | Found Wekk's Antique Armour Shop.
 19941 | Orc:2    | Reached skill level 10 in Short Blades
 19941 | Orc:2    | Reached skill level 10 in Long Blades
 19941 | Orc:2    | Reached skill level 10 in Axes
 19941 | Orc:2    | Reached skill level 10 in Maces & Flails
 19941 | Orc:2    | Reached skill level 10 in Staves
 19941 | Orc:2    | Reached skill level 10 in Slings
 19941 | Orc:2    | Reached skill level 10 in Bows
 19941 | Orc:2    | Reached skill level 10 in Crossbows
 19941 | Orc:2    | Reached skill level 10 in Throwing
 19941 | Orc:2    | Reached skill level 10 in Dodging
 19941 | Orc:2    | Reached skill level 10 in Stealth
 19941 | Orc:2    | Reached skill level 10 in Unarmed Combat
 19941 | Orc:2    | Reached skill level 10 in Spellcasting
 19941 | Orc:2    | Reached skill level 10 in Evocations
 19944 | Orc:2    | Bought a pair of faintly humming boots for 180 gold pieces
 19944 | Orc:2    | Bought a pair of runed gloves for 142 gold pieces
 19944 | Orc:2    | Bought a runed helmet for 142 gold pieces
 19954 | Orc:2    | Identified the +1 pair of boots of the Orcish Mines {rPois
                  | rF+ rC- Stlth+} (You bought it in a shop on level 2 of the
                  | Orcish Mines)
 20454 | Orc:2    | Got a jewelled battleaxe
 20509 | Orc:2    | Found a staircase to the Elven Halls.
 20633 | Orc:2    | Noticed an orc warlord
 20646 | Orc:2    | Killed an orc warlord
 20647 | Orc:2    | Found a roughly hewn altar of Beogh.
 20745 | Orc:2    | Found Dediph's Magic Scroll Boutique.
 20779 | Orc:2    | Bought a scroll of enchant armour for 105 gold pieces
 20779 | Orc:2    | Bought a scroll of blinking for 105 gold pieces
 20798 | Orc:2    | Found Ycufyhep's Jewellery Emporium.
 21381 | D:10     | Identified the cursed +3 battleaxe of Fiush {chop, Int+3}
                  | (You found it on level 2 of the Orcish Mines)
 21668 | D:13     | Found a shadowy altar of Dithmenos.
 21737 | D:13     | Learned a level 2 spell: Blink
 21741 | D:13     | Learned a level 3 spell: Mephitic Cloud
 22408 | D:14     | Reached XP level 16. HP: 106/127 MP: 24/30
 22840 | D:14     | Found a gate to the Vaults.
 23041 | D:14     | Found a sacrificial altar of Ru.
 23114 | D:14     | Noticed Roxanne
 23137 | D:14     | Killed Roxanne
 23301 | D:14     | Learned a level 6 spell: Statue Form
 23583 | D:15     | Entered Level 15 of the Dungeon
 24066 | D:15     | Found a staircase to the Depths.
 24375 | D:15     | Found Olauc's Blood Bar.
 25028 | Swamp:1  | Entered Level 1 of the Swamp
 25221 | Swamp:1  | Found a white marble altar of Elyvilon.
 25269 | Swamp:1  | Found the ring of Phasing {EV+8}
 26026 | Swamp:2  | Got a faintly glowing bone amulet
 26045 | Swamp:2  | Identified the amulet of Miepicli {Harm *Drain Str+4 SInv}
                  | (You found it on level 2 of the Swamp)
 26089 | Swamp:2  | Found a shimmering altar of Xom.
 26693 | Swamp:2  | Reached XP level 17. HP: 129/135 MP: 32/32
 26925 | Swamp:2  | Noticed Nikola
 26970 | Swamp:2  | Killed Nikola
 27531 | Swamp:3  | Noticed Donald
 27545 | Swamp:3  | Killed Donald
 27800 | Swamp:3  | Got a slimy shield
 27993 | Swamp:3  | Identified the cursed -1 shield of the Townfolk {-Cast MP+9
                  | Int-4 Stlth+} (You found it on level 3 of the Swamp)
 28029 | Swamp:3  | Identified the Incunabulum of Supportive Poisoning
 28036 | Swamp:3  | Learned a level 4 spell: Summon Lightning Spire
 28576 | Spider:1 | Entered Level 1 of the Spider Nest
 28724 | Spider:1 | Blown up by an orb spider

Levels and vault maps discovered:
D:1:      tarquinn_simple_flora_water_d, layout_basic
D:2:      kb_forest_paths, layout_basic, gammafunk_temple_overflow_statue,
          first_ration
D:3:      layout_loops_ring, minmay_overflow_temple_hex,
          chequers_ecumenical_altar_island, minmay_liquid_box
D:4:      layout_basic, serial_shops, shop, kennysheep_small_spiral
D:5:      layout_basic, regret_index_temple_of_mockery,
          nicolae_ossuary_entry_giza, tgw_fedhas, uniq_ijyb
D:6:      layout_cave_pools, temple_statues, serial_glass, glass_columns_c,
          glass_columns_a, item_on_display_a, kennysheep_cross_bottleneck,
          uniq_eustachio, uniq_pikel, uniq_crazy_yiuf_cottage
D:7:      layout_loops_ring, uniq_duvessa, uniq_harold
D:8:      layout_loops_ring, grunt_ogre_cave
D:9:      layout_roguey, lemuel_round_altar, gammafunk_ghost_mausoleum,
          basic_altar, st_stairs_9
D:10:     layout_stronghold, lair_entry_dummy, minmay_misc_feat_rugged,
          kennysheep_generic_room_3
D:11:     layout_rooms, nicolae_ashenzari_panopticon
D:12:     layout_long_grid, david_orc_3, uniq_snorg
D:13:     layout_loops_corners, nicolae_dithmenos_shadow_blocks
D:14:     layout_small_grid, grunt_vaults_entry_fortified, basic_altar,
          uniq_roxanne
D:15:     grunt_enter_depths_hoard, layout_basic, guppyfry_shop_blood
Temple:   minmay_temple_curvy_loop
Lair:1:   layout_long_grid, lemuel_centaur_altar, infiniplex_staircase_pool_2
Lair:2:   layout_cave_pods, spider_nest_entry_rubble, portal_ice_cave_rime,
          cheibrodos_lair_lostbears
Lair:3:   cheibrodos_magma_flow, layout_hall_layers,
          nicolae_swamp_entry_splash_gauntlet, gauntlet_entry_generic,
          uniq_urug, uniq_sonja, uniq_fannar
Lair:4:   layout_misc_corridors
Lair:5:   layout_hall_layers, slime_dummy, kennysheep_snail_temple,
          grunt_megastairs_2, infiniplex_staircase_pool
Lair:6:   guppyfry_lair_end_dragon, layout_loops_ring,
          hangedman_lair_caniforms_friends, chequers_serial_rivers_micro_c,
          grunt_megastairs_3
Swamp:1:  layout_falls_marsh, nicolae_swamp_godswood, swamp_pool5,
          nicolae_swamp_fairy_circle, hangedman_swamp_ravenous
Swamp:2:  layout_basic_swamp, lemuel_altar_in_water, uniq_nikola
Swamp:3:  layout_basic_swamp, hangedman_swamp_diagram, uniq_donald
Spider:1: cheibrodos_spider_deadly_dance, gammafunk_ghost_necromancy,
          uniq_asterion
Orc:1:    layout_caves
Orc:2:    pubby_orc_utopia, serial_shops

Skill      XL: |  1  2  3  4  5  6  7  8  9 10 11 12 13 14 15 16 17 |
---------------+----------------------------------------------------+-----
Invocations    | 1 2 3 4 5 6 7 8 9 10 11 12 | 12.2
Short Blades   | 1 2 3 4 5 6 7 8 9 10 11 | 11.3
Long Blades    | 1 2 3 4 5 6 7 8 9 10 11 | 11.3
Axes           | 1 2 3 4 5 6 7 8 9 10 11 | 11.3
Maces & Flails | 1 2 3 4 5 6 7 8 9 10 11 | 11.3
Staves         | 1 2 3 4 5 6 7 8 9 10 11 | 11.3
Slings         | 1 2 3 4 5 6 7 8 9 10 11 | 11.3
Bows           | 1 2 3 4 5 6 7 8 9 10 11 | 11.3
Crossbows      | 1 2 3 4 5 6 7 8 9 10 11 | 11.3
Throwing       | 1 2 3 4 5 6 7 8 9 10 11 | 11.3
Dodging        | 1 2 3 4 5 6 7 8 9 10 11 | 11.3
Stealth        | 1 2 3 4 5 6 7 8 9 10 11 | 11.3
Unarmed Combat | 1 2 3 4 5 6 7 8 9 10 11 | 11.3
Spellcasting   | 1 2 3 4 5 6 7 8 9 10 11 | 11.3
Evocations     | 1 2 3 4 5 6 7 8 9 10 11 | 11.3
Conjurations   | 1 2 3 4 5 6 7 8 9 |  9.7
Hexes          | 1 2 3 4 5 6 7 8 9 |  9.7
Charms         | 1 2 3 4 5 6 7 8 9 |  9.7
Summonings     | 1 2 3 4 5 6 7 8 9 |  9.7
Necromancy     | 1 2 3 4 5 6 7 8 9 |  9.7
Translocations | 1 2 3 4 5 6 7 8 9 |  9.7
Transmutations | 1 2 3 4 5 6 7 8 9 |  9.7
Fire Magic     | 1 2 3 4 5 6 7 8 9 |  9.7
Ice Magic      | 1 2 3 4 5 6 7 8 9 |  9.7
Air Magic      | 1 2 3 4 5 6 7 8 9 |  9.7
Earth Magic    | 1 2 3 4 5 6 7 8 9 |  9.7
Poison Magic   | 1 2 3 4 5 6 7 8 9 |  9.7
Polearms       | 5 6 7 8 9 10 11 12 | 12.1
Fighting       | 7 8 9 10 11 12 | 12.8
Armour         | 7 8 9 10 11 12 | 12.8
Shields        | 7 8 9 10 11 12 | 12.8

Action                   |  1- 3 |  4- 6 |  7- 9 | 10-12 | 13-15 | 16-18 || total
-------------------------+-------+-------+-------+-------+-------+-------++-------
Melee: Trident           |    99 |   229 |    20 |       |       |       ||   348
       Bite              |     6 |    33 |    42 |   181 |   407 |   223 ||   892
       Falchion          |       |       |    69 |       |       |       ||    69
       Short sword       |       |       |   254 |   782 |  1644 |   977 ||  3657
       Demon whip        |       |       |       |    24 |    45 |    24 ||    93
 Cast: Summon Forest     |       |       |       |       |    13 |    21 ||    34
       Mephitic Cloud    |       |       |       |       |       |    13 ||    13
       Summon Lightning  |       |       |       |       |       |     5 ||     5
       Statue Form       |       |       |       |       |       |     3 ||     3
Evoke: Wand              |       |       |       |       |    10 |    15 ||    25
       Lamp of fire      |       |       |       |       |     2 |     1 ||     3
  Use: Potion            |       |     5 |     3 |     5 |     3 |     5 ||    21
       Scroll            |       |       |    15 |    13 |     5 |     5 ||    38
 Stab: Sleeping          |       |       |       |     9 |    35 |    17 ||    61
       Distracted        |       |       |       |     1 |     8 |    14 ||    23
       Paralysed         |       |       |       |       |     7 |       ||     7
       Confused          |       |       |       |       |       |    12 ||    12
  Eat: Chunk             |       |     7 |     8 |    10 |    25 |     8 ||    58
       Ration            |       |       |     1 |       |       |     2 ||     3
Armor: Scale mail        |    28 |    32 |   126 |   198 |   318 |   129 ||   831
       Plate armour      |       |    55 |     7 |       |       |       ||    62
       Skin              |       |       |       |       |    10 |    27 ||    37
Dodge: Dodged            |    25 |    45 |   160 |   462 |   986 |   616 ||  2294
Block: Shield            |    54 |   104 |   220 |   601 |  1325 |   681 ||  2985
       Rpst.: Falchion   |       |       |    15 |       |       |       ||    15
